 Dungeon Crawl Stone Soup version 0.30.1-11-g7821555f0a (webtiles) character file.

Game seed: 11248275207120781092

61 safid the Conjurer (level 4, -1/23 (28) HPs)
             Began as a Gargoyle Reaver on Dec 12, 2023.
             Slain by an adder (4 damage)
             ... on level 2 of the Dungeon.
             The game lasted 00:01:26 (1078 turns).

safid the Conjurer (Gargoyle Reaver)                Turns: 1078, Time: 00:01:27

HP:   -1/23 (28)    AC:  2    Str: 18    XL:     4   Next: 7%
MP:   8/8           EV: 11    Int: 13    God:
Gold: 64            SH:  0    Dex:  8    Spells: 7/8 levels left

rFire   . . .        g - +3 falchion (heavy)
rCold   . . .        (no shield)
rNeg    + . .        b - +0 leather armour
rPois   ∞            (no helmet)
rElec   +            (no cloak)
rCorr   .            (no gloves)
SInv    .            (no boots)
Will    .....        (no amulet)
Stlth   +            (no ring)
HPRegen 0.23/turn    (no ring)
MPRegen 0.11/turn

%: no passive effects
@: corroded, heavily drained
A: sickness immunity, AC +3, negative energy resistance 1, electricity
resistance, torment resistance 1, petrification resistance
a: no special abilities


You were on level 2 of the Dungeon.
You visited 1 branch of the dungeon, and saw 2 of its levels.

You collected 64 gold pieces.

Inventory:

Hand Weapons
 a - a +0 mace
 g - a +3 heavy falchion (weapon)
Armour
 b - a +0 leather armour (worn)
Scrolls
 c - 2 scrolls of noise {unknown}
 d - 2 scrolls of magic mapping {unknown}
 e - a scroll of blinking {unknown}
 f - a scroll of teleportation {unknown}
 i - a scroll of identify {unknown}
Potions
 h - a potion of heal wounds {unknown}


   Skills:
 + Level 3.1 Fighting
 - Level 3.0 Maces & Flails
 - Level 1.5 Dodging
 + Level 2.7 Spellcasting
 + Level 4.1 Conjurations


You had 7 spell levels left.
You knew the following spells:

 Your Spells              Type           Power      Damage    Failure   Level
a - Kiss of Death         Conj/Necr      28%        2d7       12%         1

Your spell library contained the following spells:

 Spells                   Type           Power      Damage    Failure   Level
 Momentum Strike          Conj/Tloc      14%        3d8       19%         2
 Hailstorm                Conj/Ice       7%         3d4       36%         3


Dungeon Overview and Level Annotations

Branches:
Dungeon (2/15)

Altars:


Innate Abilities, Weirdness & Mutations

You are immune to sickness and miasma.
Your stone body is resilient. (AC +3)
You are immune to poison.
You resist negative energy. (rN+)
You are resistant to electric shocks. (rElec)
You are resistant to unholy torment.
You are immune to petrification.


Message History

Found a silvery potion.
Found a quarterstaff.
You hit the giant cockroach.
The giant cockroach is almost dead.
The giant cockroach bites you.
The giant cockroach bites you but does no damage.
You slash the giant cockroach!
You kill the giant cockroach!
No target in view!
h - a silvery potion You now have 64 gold pieces (gained 18).
i - a scroll labelled SEERUQINLO An adder and a jelly come into view.
The adder hisses angrily.
The jelly quivers.
A giant cockroach comes into view.
The jelly hits you but does no damage.
You hit the jelly.
Your hands burn!
The jelly is moderately wounded.
The jelly barely misses you. The jelly hits you but does no damage.
You hit the jelly. The acid corrodes you!
Your hands burn!
The jelly is severely wounded.
The jelly barely misses you. The jelly hits you.
You are splashed with acid!
You are too injured to fight recklessly!
You are too injured to fight recklessly!
Unknown command.
The jelly attacks as you move away! The jelly hits you but does no damage.
You closely miss the giant cockroach. The giant cockroach bites you.
The giant cockroach barely misses you. The giant cockroach closely misses you.
You hit the giant cockroach.
The giant cockroach is moderately wounded.
The giant cockroach closely misses you. x2
You hit the giant cockroach.
You kill the giant cockroach!
The adder bites you but does no damage. The adder barely misses you.
You closely miss the adder. The adder closely misses you. The adder bites you.
You barely miss the adder. The adder bites you.
* * * LOW HITPOINT WARNING * * *
The adder barely misses you. The adder bites you.
You die...

## . .# ############.#
#.......@SJ..###
#.....####.....# #.....#
#.#.#.# ########.....#
#S. .. #......##+##.#
#.#. .# #..###.##.##.#
#.#.. # #..#
#.##.##.####.....
##..###.##.#............
...........#.#####...
...


You could see a jelly and an adder.

Vanquished Creatures
  Terence (D:2)
  A worm (D:2)
  A dart slug (D:1)
  3 endoplasms (D:1)
  3 giant cockroaches
  6 goblins (D:1)
  2 hobgoblins
  A kobold (D:1)
  A quokka (D:1)
  3 ball pythons (D:1)
  3 bats (D:1)
  3 frilled lizards (D:1)
  A rat (D:1)
29 creatures vanquished.

Notes
Turn   | Place    | Note
-------+----------+-------------------------------------------
     0 | D:1      | safid the Gargoyle Reaver began the quest for the Orb.
     0 | D:1      | Reached XP level 1. HP: 12/12 MP: 3/3
   113 | D:1      | Reached XP level 2. HP: 10/18 MP: 5/5
   150 | D:1      | Found a faded altar of an unknown god.
   424 | D:1      | Reached XP level 3. HP: 19/22 MP: 6/6
   788 | D:2      | Noticed Terence
   798 | D:2      | Killed Terence
   799 | D:2      | Reached skill level 4 in Conjurations
   937 | D:2      | Reached XP level 4. HP: 16/23 MP: 8/8
  1078 | D:2      | Slain by an adder

Illustrated notes

Levels and vault maps discovered:
D:1:      doesnt_arrival_eight_statues, layout_basic,
          hellmonk_ecumenical_altar_blasted, minmay_hexomino_f4
D:2:      layout_basic, uniq_terence

Skill      XL: |  1  2  3 |
---------------+----------+-----
Fighting       | 3 |  3.1
Conjurations   | 4 |  4.1
Maces & Flails | |  3.0
Dodging        | |  1.5
Spellcasting   | |  2.7

Action                     |  1- 3 |  4- 6 || total
---------------------------+-------+-------++-------
  Melee: Mace              |    86 |       ||    86
         Falchion          |     6 |    10 ||    16
   Cast: Kiss of Death     |     2 |       ||     2
 Armour: Leather armour    |    57 |     5 ||    62
  Dodge: Dodged            |    76 |     9 ||    85
